[Event "*** SCC Grand Prix: Titled Tuesday Blitz"]
[Site "Chess.com"]
[Date "2020.07.07"]
[Round "6"]
[White "FMVolodymyrSakun"]
[Black "Twitch_ElhamBlitz05"]
[Result "0-1"]
[WhiteElo "2512"]
[BlackElo "2802"]
[TimeControl "180+1"]
[EndTime "11:04:22 PDT"]
[Termination "Twitch_ElhamBlitz05 won by checkmate"]

1. e4 c5 2. Nf3 Nc6 3. Bb5 g6 4. O-O Bg7 5. Bxc6 bxc6 6. h3 Nh6 7. d3 O-O 8. Re1 f5 9. e5 Nf7 10. Nc3 e6 11. Na4 g5 12. Nxc5 h5 13. d4 g4 14. Nh2 d6 15. Nd3 dxe5 16. dxe5 Nxe5 17. Nxe5 Qxd1 18. Rxd1 Bxe5 19. Rb1 Kf7 20. b3 Ba6 21. Bb2 Bxb2 22. Rxb2 Rfd8 23. Rbb1 Kf6 24. hxg4 hxg4 25. Nf1 f4 26. c4 c5 27. g3 e5 28. f3 gxf3 29.
Kf2 fxg3+ 30. Nxg3 Bb7 31. Rh1 Rd2+ 32. Ke3 Rad8 33.
Ne4+ Bxe4 34. Kxe4 R2d3 35. Rh6+ Kg5 36. Re6 R8d4+ 37.
Kxe5 Re3# 0-1

[Event "*** SCC Grand Prix: Titled Tuesday Blitz"]
[Site "Chess.com"]
[Date "2020.07.07"]
[Round "6"]
[White "if_name_main_a"]
[Black "tylityli"]
[Result "0-1"]
[WhiteElo "2384"]
[BlackElo "2194"]
[TimeControl "180+1"]
[EndTime "11:04:24 PDT"]
[Termination "tylityli won by resignation"]

1. c4 c5 2. Nf3 Nf6 3. Nc3 d5 4. cxd5 Nxd5 5. e3 Nc6 6. Bb5 e6 7. O-O Be7 8. Ne5 Bd7 9. Bxc6 Bxc6 10. Nxc6 bxc6 11. Qa4 Qd7 12. b3 Nb4 13. Ba3 Nd3 14.
Qc4 O-O 15. Na4 Qd5 16. Qc2 Nb4 17. Bxb4 cxb4 18. Rac1 Rac8 19. d4 e5 20. Rfd1 e4 21. Qc4 Bd6 22. Rc2 Qh5 23. f3 Qxh2+ 24. Kf1 Qh1+ 25.
Ke2 Qxg2+ 26. Ke1 Bg3+ 0-1

[Event "*** SCC Grand Prix: Titled Tuesday Blitz"]
[Site "Chess.com"]
[Date "2020.07.07"]
[Round "6"]
[White "Lagmantr"]
[Black "JozefKneht"]
[Result "0-1"]
[WhiteElo "2650"]
[BlackElo "2480"]
[TimeControl "180+1"]
[EndTime "11:04:27 PDT"]
[Termination "JozefKneht won by resignation"]

1. d4 d5 2. c4 e6 3. Nf3 Nf6 4. Nc3 Be7 5. Bg5 h6 6. Bh4 O-O 7. e3 Ne4 8. Bxe7 Qxe7 9. Bd3 Nxc3 10. bxc3 dxc4 11. Bxc4 c5 12. O-O b6 13. a4 Nc6 14.
Qc2 Bb7 15. Rfb1 Rac8 16. Qe2 Na5 17. Bd3 cxd4 18. cxd4 Rc3 19. Ne1 Rfc8 20. h3 Nb3 21. Rxb3 Rxb3 22. a5 Qb4 23. Nc2 Qc3 24. axb6 Qxd3 25. Qxd3 Rxd3 26. Ne1 Rdc3 27. Rxa7 Rc1 28. Kf1 Bd5 29. Ke2 Rb1 30. Nd3 Rxb6 31. Nc5 Rb2+ 32.
Kd3 Rxf2 33. e4 Bc6 34. g4 Rf3+ 35. Kc4 Bxe4 0-1

[Event "*** SCC Grand Prix: Titled Tuesday Blitz"]
[Site "Chess.com"]
[Date "2020.07.07"]
[Round "6"]
[White "PattyCastillo"]
[Black "NarminSoyunlu"]
[Result "1-0"]
[WhiteElo "1950"]
[BlackElo "2059"]
[TimeControl "180+1"]
[EndTime "11:04:27 PDT"]
[Termination "PattyCastillo won by resignation"]

1. d4 Nf6 2. Nf3 b6 3. e3 Bb7 4. Bd3 e6 5. b3 c5 6. Bb2 cxd4 7. exd4 d6 8. O-O Be7 9. c4 O-O 10. Re1 a6 11. Nbd2 Nbd7 12. Rc1 Re8 13. Bb1 h6 14. a3 Rc8 15. b4 Nf8 16. Qb3 Qd7 17. c5 bxc5 18. dxc5 dxc5 19. Nc4 Bxf3 20. Qxf3 Nd5 21.
Ne5 Qc7 22. Qxf7+ Kh8 23. Ng6+ 1-0

[Event "*** SCC Grand Prix: Titled Tuesday Blitz"]
[Site "Chess.com"]
[Date "2020.07.07"]
[Round "6"]
[White "PotapovaM"]
[Black "Ave_Mariia"]
[Result "0-1"]
[WhiteElo "2485"]
[BlackElo "2354"]
[TimeControl "180+1"]
[EndTime "11:04:30 PDT"]
[Termination "Ave_Mariia won by resignation"]

1. d4 Nf6 2. c4 e6 3. Nf3 d5 4. g3 dxc4 5. Bg2 a6 6. O-O Nc6 7. e3 Rb8 8. Nfd2 e5 9. Bxc6+ bxc6 10. dxe5 Ng4 11. Nxc4 Be6 12. Nbd2 h5 13. h3 h4 14. hxg4 hxg3 15. fxg3 Qd3 16. b3 Bd5 17. Kf2 Rh2+ 18. Ke1 Bb4 19. Rg1 Bxc4 20. bxc4 Qxe3+ 0-1

[Event "*** SCC Grand Prix: Titled Tuesday Blitz"]
[Site "Chess.com"]
[Date "2020.07.07"]
[Round "6"]
[White "HarryCun"]
[Black "Susal_De_Silva"]
[Result "0-1"]
[WhiteElo "2180"]
[BlackElo "2355"]
[TimeControl "180+1"]
[EndTime "11:04:31 PDT"]
[Termination "Susal_De_Silva won by resignation"]

1. Nf3 Nf6 2. g3 b6 3. Bg2 Bb7 4. O-O g6 5. d3 d5 6. Nbd2 Bg7 7.
Re1 O-O 8. d4 Nbd7 9. Ne5 Nxe5 10. dxe5 Nd7 11. f4 e6 12. e4 d4 13. Nf3 c5 14. Ng5 Qe7 15. Qg4 Rad8 16. f5 Nxe5 17. Qh4 h6 18. Nf3 Nxf3+ 19. Bxf3 Qxh4 20. gxh4 exf5 21. Kf2 fxe4 22. Bg4 f5 23. Bh3 Kh7 24. Rg1 Bf6 25. Bf4 Bxh4+ 26. Ke2 g5 27. Be5 g4 28. Bf1 h5 29. h3 Bf6 30. Bf4 d3+ 31. cxd3 exd3+ 32. Kd2 c4 33. hxg4 fxg4 34. Rh1 Bxh1 0-1

[Event "*** SCC Grand Prix: Titled Tuesday Blitz"]
[Site "Chess.com"]
[Date "2020.07.07"]
[Round "6"]
[White "Stormeman100100"]
[Black "comsac"]
[Result "1-0"]
[WhiteElo "2427"]
[BlackElo "2243"]
[TimeControl "180+1"]
[EndTime "11:04:32 PDT"]
[Termination "Stormeman100100 won by resignation"]

1. d4 d5 2. c4 e6 3. Nc3 Nf6 4.
cxd5 exd5 5. Bg5 Be7 6. e3 c6 7. Bd3 Nbd7 8. Qc2 O-O 9. Nf3 Re8 10. O-O h6 11. Bh4 Ne4 12. Bxe7 Qxe7 13. Rab1 a5 14.
Bxe4 dxe4 15. Nd2 Nf6 16. Nc4 Ng4 17. h3 Nf6 18. Nb6 Ra6 19. Nxc8 Rxc8 20. Na4 Nd5 21. Nc5 Raa8 22. Qxe4 Qd6 23. Nxb7 Qb4 24. Nc5 Qd2 25. Rfd1 Qe2 26. Qd3 Qh5 27. a3 Rab8 28. Rdc1 Nf6 29. Ne4 Nd5 30. Rc5 Qf5 31. Qc2 Rc7 32. Ng3 Qg6 33. Qxg6 fxg6 34. Rxa5 Rcb7 35. b4 Nc3 36. Rc1 1-0

[Event "*** SCC Grand Prix: Titled Tuesday Blitz"]
[Site "Chess.com"]
[Date "2020.07.07"]
[Round "6"]
[White "Margarita2907"]
[Black "marabu44"]
[Result "0-1"]
[WhiteElo "2085"]
[BlackElo "2243"]
[TimeControl "180+1"]
[EndTime "11:04:32 PDT"]
[Termination "marabu44 won by resignation"]

1. e4 e5 2. Nf3 Nc6 3. Bc4 d6 4. d4 Bg4 5. d5 Nb8 6. Nbd2 Be7 7. O-O Nd7 8. Re1 Ngf6 9. Nf1 O-O 10. h3 Bh5 11. Ng3 Bg6 12. a4 a5 13. Nh2 Nc5 14.
Bd3 Nxd3 15. cxd3 Nd7 16. f4 exf4 17. Bxf4 Bf6 18. Qc2 Be5 19. Bxe5 Nxe5 20. d4 Nd7 21. Nf3 Nb6 22. Qf2 Re8 23. Rad1 Nxa4 24. e5 Nb6 25. e6 Nxd5 26. exf7+ Bxf7 27. Rf1 Ne3 28. Rde1 Nxf1 29. Rxf1 Bd5 30. Ng5 Qxg5 0-1

[Event "*** SCC Grand Prix: Titled Tuesday Blitz"]
[Site "Chess.com"]
[Date "2020.07.07"]
[Round "6"]
[White "JonahWillow"]
[Black "Aradej"]
[Result "1-0"]
[WhiteElo "2693"]
[BlackElo "2517"]
[TimeControl "180+1"]
[EndTime "11:04:34 PDT"]
[Termination "JonahWillow won by resignation"]

1. e4 d6 2. d4 Nf6 3. Nc3 e5 4. Nf3 Nbd7 5. Bc4 Be7 6. a4 O-O 7. O-O c6 8. h3 h6 9. Re1 Re8 10. Bb3 Bf8 11. Be3 exd4 12. Nxd4 Nc5 13. f3 Nxb3 14.
Nxb3 Be6 15. Nd4 d5 16. Nxe6 Rxe6 17. exd5 Rxe3 18. Rxe3 Bc5 19. Qe2 Qb6 20. Nd1 Nxd5 21. a5 Qc7 22. b4 Nxb4 23. Kh1 Bxe3 24. Nxe3 Re8 25. Qd2 Qe5 26. Rb1 Qxa5 27. Nc4 Qc5 28. Qxb4 Re1+ 29. Qxe1 1-0

[Event "*** SCC Grand Prix: Titled Tuesday Blitz"]
[Site "Chess.com"]
[Date "2020.07.07"]
[Round "6"]
[White "natelleka"]
[Black "vitnik2020"]
[Result "0-1"]
[WhiteElo "2108"]
[BlackElo "2281"]
[TimeControl "180+1"]
[EndTime "11:04:36 PDT"]
[Termination "vitnik2020 won by resignation"]

1. e4 e5 2. Nf3 Nc6 3. Bb5 a6 4. Ba4 Nf6 5. O-O Be7 6. Re1 d6 7. c3 Bg4 8. d3 O-O 9. h3 Bh5 10.
Nbd2 Nd7 11. Nf1 Nc5 12. Bc2 Ne6 13. Ng3 Bxf3 14. Qxf3 Bg5 15. Nf5 Bxc1 16. Raxc1 g6 17. Ng3 a5 18. Rcd1 a4 19. a3 h5 20. Rd2 Qg5 21.
Red1 Nf4 22. d4 Kg7 23. dxe5 Nxe5 24. Qe3 h4 25. Rd4 hxg3 0-1

[Event "*** SCC Grand Prix: Titled Tuesday Blitz"]
[Site "Chess.com"]
[Date "2020.07.07"]
[Round "6"]
[White "VladimirBelous"]
[Black "RaunakSadhwani2005"]
[Result "0-1"]
[WhiteElo "2722"]
[BlackElo "2920"]
[TimeControl "180+1"]
[EndTime "11:04:37 PDT"]
[Termination "RaunakSadhwani2005 won by resignation"]

1. c4 f5 2. g3 Nf6 3. Bg2 g6 4. d3 Bg7 5. e4 e5 6. exf5 gxf5 7.
Ne2 O-O 8. d4 d6 9. O-O Nc6 10.
Bg5 h6 11. Bh4 Qe8 12. Nbc3 exd4 13. Nb5 Qd7 14. Nexd4 Ne5 15. Re1 c6 16. Nc3 Qf7 17.
b3 Ng6 18. Bxf6 Qxf6 19. Nde2 f4 20. Be4 fxg3 21. fxg3 Bh3 22. Qd2 Rae8 23. Qe3 Ne5 24. Nf4 Ng4 25. Qd3 Qd4+ 26. Qxd4 Bxd4+ 27. Kh1 Nf2+ 0-1

[Event "*** SCC Grand Prix: Titled Tuesday Blitz"]
[Site "Chess.com"]
[Date "2020.07.07"]
[Round "6"]
[White "hanzo_hasashi1"]
[Black "IMHansNiemann"]
[Result "1-0"]
[WhiteElo "2879"]
[BlackElo "2931"]
[TimeControl "180+1"]
[EndTime "11:04:39 PDT"]
[Termination "hanzo_hasashi1 won by resignation"]

1. d4 g6 2. e4 Bg7 3. Nc3 d6 4. Be3 Nf6 5. h3 c6 6. a4 Nbd7 7. Nf3 O-O 8. Be2 e5 9. dxe5 dxe5 10. Qd6 Re8 11. Bc4 Bf8 12. Qd2 Bb4 13. Ng5 Rf8 14.
O-O Qe7 15. Rad1 b6 16. Kh1 Nc5 17. Qd6 Qxd6 18. Rxd6 Kg7 19. Rxf6 Kxf6 20. Nxh7+ Kg7 21. Nxf8 Kxf8 22. Na2 Ba6 23. Bxc5+ 1-0

[Event "*** SCC Grand Prix: Titled Tuesday Blitz"]
[Site "Chess.com"]
[Date "2020.07.07"]
[Round "6"]
[White "chess94cu"]
[Black "andriipalchuk"]
[Result "1-0"]
[WhiteElo "2602"]
[BlackElo "2434"]
[TimeControl "180+1"]
[EndTime "11:04:51 PDT"]
[Termination "chess94cu won by resignation"]

1. e4 c6 2. d4 d5 3. Nd2 dxe4 4. Nxe4 Nf6 5. Nxf6+ exf6 6. c3 Bd6 7. Bd3 O-O 8. Qc2 Re8+ 9. Ne2 h5 10. O-O h4 11. h3 Nd7 12. Bf4 Rxe2 13. Qxe2 Bxf4 14. Qe4 Nf8 15. Qxf4 g5 16. Qe3 Kg7 17. Rfe1 Be6 18. c4 Qd7 19. Rad1 Ng6 20. Bxg6 Kxg6 21. b3 Rd8 22. f4 a6 23. Rf1 Bf5 24. fxg5 fxg5 25. d5 Re8 26. Qf2 c5 27. Qxc5 Bxh3 28. Qf2 Bf5 29.
Rde1 Rxe1 30. Rxe1 h3 31. gxh3 Bxh3 32. Qg3 Bf5 33. Re5 f6 34. Re2 b5 35. d6 bxc4 36. bxc4 Qc6 37. Qe3 Qd7 1-0

[Event "*** SCC Grand Prix: Titled Tuesday Blitz"]
[Site "Chess.com"]
[Date "2020.07.07"]
[Round "6"]
[White "Vision_64"]
[Black "plumalka"]
[Result "0-1"]
[WhiteElo "2200"]
[BlackElo "2402"]
[TimeControl "180+1"]
[EndTime "11:04:51 PDT"]
[Termination "plumalka won by resignation"]

1. e4 c5 2. Nf3 d6 3. d4 cxd4 4. Nxd4 Nf6 5. Nc3 Bd7 6. Bg5 e6 7. f4 Nc6 8. Bc4 Qb6 9. Nb3 Be7 10. Qe2 h6 11. Bh4 Nxe4 12. Bxe7 Nxc3 13. bxc3 Kxe7 14. O-O-O Rhd8 15. f5 Ne5 16. fxe6 fxe6 17. Rhf1 Rac8 18. Bd3 Rxc3 19. Qh5 Be8 20. Qh4+ Kd7 21. Rf8 a5 22.
Qa4+ Ke7 23. Rdf1 Bxa4 0-1

[Event "*** SCC Grand Prix: Titled Tuesday Blitz"]
[Site "Chess.com"]
[Date "2020.07.07"]
[Round "6"]
[White "anon569"]
[Black "Sashadav97"]
[Result "0-1"]
[WhiteElo "2349"]
[BlackElo "2537"]
[TimeControl "180+1"]
[EndTime "11:04:52 PDT"]
[Termination "Sashadav97 won on time"]

1. e4 c5 2. Nf3 Nc6 3. d4 cxd4 4. Nxd4 Nf6 5. Nc3 d6 6. Bg5 e6 7. Qd2 a6 8. O-O-O Bd7 9. f4 Be7 10. Nf3 b5 11. e5 b4 12. exf6 bxc3 13. Qxc3 gxf6 14. Kb1 d5 15. Bh4 a5 16. f5 Rc8 17.
fxe6 fxe6 18. Qe3 O-O 19. c3 e5 20. Rxd5 Bf5+ 21. Bd3 Qxd5 22. Bxf5 Rb8 23. Qh6 Rf7 24.
Nd2 Ba3 25. b3 Bf8 26. Qh5 Qxd2 27. Qg4+ Kh8 28. Be6 Ba3 0-1

[Event "*** SCC Grand Prix: Titled Tuesday Blitz"]
[Site "Chess.com"]
[Date "2020.07.07"]
[Round "6"]
[White "Nafania1"]
[Black "krzyzan94"]
[Result "0-1"]
[WhiteElo "2449"]
[BlackElo "2664"]
[TimeControl "180+1"]
[EndTime "11:04:54 PDT"]
[Termination "krzyzan94 won by resignation"]

1. e4 e5 2. Nf3 Nc6 3. Bb5 a6 4. Ba4 Nf6 5. O-O Be7 6. Re1 b5 7. Bb3 O-O 8. c3 d5 9. d4 dxe4 10. Nxe5 Nxe5 11. dxe5 Ng4 12. Bd5 Rb8 13. Bf4 Bc5 14.
Bg3 e3 15. fxe3 Nxe3 16. Rxe3 Bxe3+ 17. Kh1 Bb7 18. Bb3 Qxd1+ 19. Bxd1 Rbd8 20. Na3 Rd2 21. Bf3 Bxf3 22. gxf3 Rxb2 23. f4 Rd8 24. Rf1 Rdd2 25.
Nb1 Re2 26. a3 Bf2 27. Rd1 h6 28. c4 Bxg3 29. hxg3 bxc4 30. Nc3 Rec2 31. Ne4 Rh2+ 32. Kg1 Rbg2+ 33. Kf1 Rh1+ 34. Kxg2 Rxd1 35. f5 Rd3 0-1

[Event "*** SCC Grand Prix: Titled Tuesday Blitz"]
[Site "Chess.com"]
[Date "2020.07.07"]
[Round "6"]
[White "tsvet2005"]
[Black "mamey78"]
[Result "1-0"]
[WhiteElo "2634"]
[BlackElo "2447"]
[TimeControl "180+1"]
[EndTime "11:04:54 PDT"]
[Termination "tsvet2005 won on time"]

1. d4 d5 2. c4 c6 3. Nc3 Nf6 4. e3 e6 5. Nf3 Nbd7 6. Bd3 dxc4 7. Bxc4 b5 8. Bd3 Bb7 9. O-O b4 10. Na4 c5 11. dxc5 Bxc5 12. Nxc5 Nxc5 13. Bb5+ Ke7 14.
Qe2 Qb6 15. Bc4 Rhd8 16. Rd1 Rxd1+ 17. Qxd1 Rd8 18. Qe2 Nce4 19. a3 a5 20. axb4 axb4 21. Nd2 1-0

[Event "*** SCC Grand Prix: Titled Tuesday Blitz"]
[Site "Chess.com"]
[Date "2020.07.07"]
[Round "6"]
[White "blitzking1729"]
[Black "Mikhal867"]
[Result "0-1"]
[WhiteElo "2535"]
[BlackElo "2375"]
[TimeControl "180+1"]
[EndTime "11:04:54 PDT"]
[Termination "Mikhal867 won by checkmate"]

1. c4 c5 2. Nc3 Nf6 3. g3 d5 4. cxd5 Nxd5 5. Bg2 Nc7 6. Nf3 Nc6 7. O-O e5 8. d3 Be7 9. Be3 O-O 10. Rc1 Bd7 11. a3 b6 12. Qb3 Kh8 13. Rfd1 Rc8 14. Ne4 f5 15. Neg5 Qe8 16. Bd2 h6 17. Nh3 e4 18.
dxe4 fxe4 19. Nh4 Bxh4 20. gxh4 Nd4 21. Qe3 Nd5 22. Qxe4 Nxe2+ 23. Kh1 Bxh3 24. Qxd5 Rd8 25. Qb3 Bxg2+ 26. Kxg2 Nxc1 27. Bxc1 Qe4+ 28. Kg3 Qe5+ 29. f4 Qe2 30. Rxd8 Rxd8 31. Qa4 Rd3+ 32. Be3 Rxe3# 0-1

[Event "*** SCC Grand Prix: Titled Tuesday Blitz"]
[Site "Chess.com"]
[Date "2020.07.07"]
[Round "6"]
[White "Sueetin"]
[Black "FMOlexandrProhorov"]
[Result "1-0"]
[WhiteElo "2297"]
[BlackElo "2125"]
[TimeControl "180+1"]
[EndTime "11:04:56 PDT"]
[Termination "Sueetin won by resignation"]

1. d4 g6 2. e4 Bg7 3. Nc3 c6 4. Nf3 d5 5. h3 dxe4 6. Nxe4 Nd7 7. Bc4 Ngf6 8. Nxf6+ Nxf6 9. O-O O-O 10. Re1 Qc7 11. Qe2 Re8 12. Ne5 e6 13. Bf4 Qb6 14. c3 a5 15.
Rad1 c5 16. Be3 cxd4 17. Bxd4 Qc7 18. Bb5 Rf8 19. c4 a4 20. Qe3 Kh8 21. Bb6 Qb8 22. Bc5 Qc7 23. Bd6 Qd8 24. Bxf8 Qxf8 25. Qb6 h5 26. Rd8 1-0

[Event "*** SCC Grand Prix: Titled Tuesday Blitz"]
[Site "Chess.com"]
[Date "2020.07.07"]
[Round "6"]
[White "Izoria123"]
[Black "Grischuk"]
[Result "0-1"]
[WhiteElo "2912"]
[BlackElo "3064"]
[TimeControl "180+1"]
[EndTime "11:04:57 PDT"]
[Termination "Grischuk won by resignation"]

1. Nf3 Nf6 2. c4 g6 3. Nc3 Bg7 4. e4 d6 5. d4 O-O 6. Be2 e5 7. O-O Nc6 8. d5 Ne7 9. Kh1 Kh8 10. Ne1 Nd7 11. Be3 f5 12. f3 f4 13. Bf2 g5 14. Nd3 Ng6 15. c5 Rf7 16. Rc1 Nf6 17. Rg1 Bf8 18. cxd6 cxd6 19. a4 Rg7 20. g3 fxg3 21.
hxg3 a6 22. Rg2 Bd7 23. Rh2 Rc8 24. Be3 g4 25. fxg4 Rxc3 26. bxc3 Nxe4 27. Kg2 Be7 28. Nf2 Bg5 29. Nxe4 Bxe3 30. Qd3 Bxc1 31. g5 Bxg5 0-1

[Event "*** SCC Grand Prix: Titled Tuesday Blitz"]
[Site "Chess.com"]
[Date "2020.07.07"]
[Round "6"]
[White "ChessLover0108"]
[Black "Siniauski"]
[Result "1-0"]
[WhiteElo "2683"]
[BlackElo "2456"]
[TimeControl "180+1"]
[EndTime "11:04:57 PDT"]
[Termination "ChessLover0108 won by resignation"]

1. Nf3 Nf6 2. d4 e6 3. c4 b6 4. g3 Bb4+ 5. Bd2 Be7 6. Bg2 c6 7. Nc3 d5 8. Qc2 Bb7 9. O-O O-O 10. Rad1 Na6 11. a3 Rc8 12. Ne5 Nc7 13. e4 dxc4 14.
Bf4 b5 15. Rfe1 Na8 16. a4 Qb6 17. axb5 cxb5 18. d5 exd5 19. Nxd5 Nxd5 20. exd5 Bd6 21. Nc6 Bxf4 22. Ne7+ Kh8 23. Nxc8 Rxc8 24. gxf4 Qd6 25. Qf5 Rf8 26. Qe5 Qg6 27. Qe7 Rg8 28. Qxb7 Nb6 29.
Qxa7 Na4 30. d6 Nxb2 31. d7 Nd3 32. Re8 1-0

[Event "*** SCC Grand Prix: Titled Tuesday Blitz"]
[Site "Chess.com"]
[Date "2020.07.07"]
[Round "6"]
[White "Supernotar"]
[Black "gumimis"]
[Result "1-0"]
[WhiteElo "2789"]
[BlackElo "2182"]
[TimeControl "180+1"]
[EndTime "11:04:57 PDT"]
[Termination "Supernotar won by resignation"]

1. d4 Nf6 2. c4 c5 3. d5 b5 4.
Nf3 bxc4 5. Nc3 d6 6. e4 g6 7. Bxc4 Bg7 8. e5 dxe5 9. Nxe5 O-O 10. O-O Nbd7 11. Nc6 Qe8 12. Re1 Bb7 13. Nxe7+ Kh8 14. Nxg6+ fxg6 15. Rxe8 Raxe8 16. Be3 Ne5 17. Be2 c4 18. Bxa7 Rd8 19. d6 Ne8 20. Bc5 Rf6 21. Nb5 Bc6 22. a4 Bxb5 23. axb5 Nxd6 24. b6 Nb7 25. Qxd8+ Nxd8 26. Ra8 Nc6 27. b7 Re6 28. Rxd8+ Nxd8 29. b8=Q Bf6 30. Bd4 1-0

[Event "*** SCC Grand Prix: Titled Tuesday Blitz"]
[Site "Chess.com"]
[Date "2020.07.07"]
[Round "6"]
[White "QueenOfTactics90"]
[Black "hongnhung1234"]
[Result "0-1"]
[WhiteElo "2011"]
[BlackElo "2206"]
[TimeControl "180+1"]
[EndTime "11:04:57 PDT"]
[Termination "hongnhung1234 won by resignation"]

1. e4 c5 2. Nf3 e6 3. d4 cxd4 4. Nxd4 Nc6 5. Be3 Nf6 6. Nc3 Bb4 7. Bd3 d5 8. exd5 Nxd5 9. Nxc6 bxc6 10. Bd2 Nxc3 11.
bxc3 Bd6 12. O-O Qh4 13. g3 Qf6 14. f4 O-O 15. Qf3 Bb7 16. Rab1 Rab8 17. Be4 Rfc8 18. Rb3 Ba6 19. Rfb1 Bb5 20. Bd3 a6 21. c4 Bxc4 22. Bxc4 Qd4+ 23. Be3 Qxc4 24. Rxb8 Rxb8 25. Rxb8+ Bxb8 26. Qe4 Qxe4 0-1

[Event "*** SCC Grand Prix: Titled Tuesday Blitz"]
[Site "Chess.com"]
[Date "2020.07.07"]
[Round "6"]
[White "davigator"]
[Black "Kavyev_Ruslan"]
[Result "0-1"]
[WhiteElo "2315"]
[BlackElo "2546"]
[TimeControl "180+1"]
[EndTime "11:04:58 PDT"]
[Termination "Kavyev_Ruslan won by resignation"]

1. e4 c5 2. Nf3 d6 3. d4 cxd4 4. Nxd4 Nf6 5. Nc3 a6 6. Bg5 Nbd7 7. f3 e6 8. Qd2 Be7 9. O-O-O Qc7 10. g4 b5 11. h4 Bb7 12. Rg1 Rc8 13. Kb1 b4 14. Na4 d5 15. Bxf6 Nxf6 16. g5 Nd7 17. Bd3 dxe4 18.
fxe4 Nc5 19. Nxc5 Qxc5 20. Nf3 a5 21. h5 a4 22. Qe2 a3 23. Bb5+ Bc6 24. Bxc6+ Rxc6 25.
Nd4 Rb6 26. g6 hxg6 27. hxg6 Bf6 28. gxf7+ Kxf7 29. e5 Qxe5 30. Qxe5 Bxe5 31. Nf3 Bxb2 32. Rd7+ Ke8 33. Ra7 Rb8 34. Ng5 Bd4 35. Nxe6 Bxa7 36. Nxg7+ Kf7 0-1

[Event "*** SCC Grand Prix: Titled Tuesday Blitz"]
[Site "Chess.com"]
[Date "2020.07.07"]
[Round "6"]
[White "Shivagami"]
[Black "mikheeva86"]
[Result "1-0"]
[WhiteElo "2201"]
[BlackElo "1920"]
[TimeControl "180+1"]
[EndTime "11:04:58 PDT"]
[Termination "Shivagami won by resignation"]

1. d4 Nf6 2. c4 e6 3. Nc3 d5 4.
cxd5 exd5 5. Bg5 Nbd7 6. e3 Be7 7. Bd3 O-O 8. Nge2 c6 9. O-O Re8 10. f3 Nf8 11. Qc2 h6 12. Bh4 Ne6 13. Rad1 g6 14. Bxg6 fxg6 15. Qxg6+ Ng7 16. Nf4 Bf5 17. Qxh6 Kf8 18.
e4 Ng8 19. Bxe7+ Qxe7 20. Qh8 Qg5 21. Nfe2 Bh3 22. Qxh3 1-0

[Event "*** SCC Grand Prix: Titled Tuesday Blitz"]
[Site "Chess.com"]
[Date "2020.07.07"]
[Round "6"]
[White "jocmil"]
[Black "Bigfish1995"]
[Result "0-1"]
[WhiteElo "2492"]
[BlackElo "3047"]
[TimeControl "180+1"]
[EndTime "11:05:04 PDT"]
[Termination "Bigfish1995 won on time"]

1. d4 Nf6 2. Nf3 g6 3. g3 Bg7 4. Bg2 O-O 5. O-O d6 6. c4 Nc6 7. Nc3 a6 8. Qd3 Bd7 9. e4 Nb4 10. Qd1 Ne8 11. a3 Nc6 12. d5 Na5 13. Nd2 c5 14. Qc2 b5 15. cxb5 axb5 16. b4 Nc4 17.
Nxc4 cxb4 18. Ne3 bxc3 19. h4 b4 20. a4 Qa5 21. h5 Nc7 22. Re1 Bxa4 23. Nc4 Qb5 24. Qe2 Bb3 25. Rxa8 Rxa8 26. Ne3 Qxe2 27. Rxe2 Ra1 28. Re1 Ba4 29. hxg6 hxg6 30. Bf1 b3 0-1

[Event "*** SCC Grand Prix: Titled Tuesday Blitz"]
[Site "Chess.com"]
[Date "2020.07.07"]
[Round "6"]
[White "Jungle_Jaguar"]
[Black "ChessicallyInclined"]
[Result "1-0"]
[WhiteElo "2661"]
[BlackElo "2490"]
[TimeControl "180+1"]
[EndTime "11:05:04 PDT"]
[Termination "Jungle_Jaguar won by resignation"]

1. e4 c5 2. Nf3 Nc6 3. Bb5 g6 4. Bxc6 dxc6 5. O-O Bg7 6. h3 Qc7 7. d3 e5 8. Nc3 Nf6 9. Be3 b6 10. a4 a5 11. Qd2 Nh5 12. Nh2 O-O 13. Ne2 f5 14. exf5 gxf5 15. f4 exf4 16. Nxf4 Nxf4 17. Bxf4 Qf7 18. Rae1 Be6 19. Be5 Rae8 20. Ng4 Bd5 21. Bxg7 Kxg7 22. Qc3+ Kg6 23. Ne5+ Rxe5 24. Qxe5 c4 25. Re3 f4 26. Rg3+ fxg3 27. Qxg3+ Kh6 28. Rxf7 Bxf7 29. dxc4 Bg6 30. Qe3+ Kg7 31. Qd4+ Kg8 32. Qxb6 Bxc2 33. Qxc6 1-0

[Event "*** SCC Grand Prix: Titled Tuesday Blitz"]
[Site "Chess.com"]
[Date "2020.07.07"]
[Round "6"]
[White "novendrapriasmoro"]
[Black "PSvidler"]
[Result "0-1"]
[WhiteElo "2647"]
[BlackElo "2990"]
[TimeControl "180+1"]
[EndTime "11:05:06 PDT"]
[Termination "PSvidler won by resignation"]

1. e4 g6 2. d4 Bg7 3. Nf3 d6 4. h3 Nf6 5. Nbd2 O-O 6. Bd3 c5 7. c3 cxd4 8. cxd4 Nc6 9. O-O a5 10. a3 a4 11. Re1 d5 12. e5 Ne8 13. b4 Qb6 14. Bb2 Nc7 15. Rc1 Ne6 16. Nb1 Bh6 17.
Nc3 Bxc1 18. Qxc1 Ncxd4 19. Nxd5 Nxf3+ 20. gxf3 Qd8 21. Be4 Bd7 22. Rd1 Bc6 23. Nf6+ exf6 24. Rxd8 Rfxd8 25. Bxc6 Rac8 26. b5 bxc6 27. bxc6 f5 28. Qc4 Rc7 29. Qxa4 Rdc8 30. Bc1 h5 31. h4 Rxc6 32. Bg5 Rc4 33. Qb4 Rxb4 0-1

[Event "*** SCC Grand Prix: Titled Tuesday Blitz"]
[Site "Chess.com"]
[Date "2020.07.07"]
[Round "6"]
[White "FlamingPhoenix123"]
[Black "Flawless_Fighter"]
[Result "1/2-1/2"]
[WhiteElo "2415"]
[BlackElo "2574"]
[TimeControl "180+1"]
[EndTime "11:05:06 PDT"]
[Termination "Game drawn by repetition"]

1. e4 c6 2. d4 d5 3. Nc3 dxe4 4. Nxe4 Bf5 5. Ng3 Bg6 6. h4 h6 7. Nf3 Nd7 8. h5 Bh7 9. Bd3 Bxd3 10. Qxd3 e6 11.
Bd2 Ngf6 12. O-O-O Be7 13. Kb1 Qb6 14. Rhe1 O-O 15.
Nf5 exf5 16. Rxe7 Qd8 17. Re2 Ne4 18. Bf4 Re8 19. Rde1 Ndf6 20. Be5 Ng4 21. Bg3 Rc8 22.
Ne5 Nxe5 23. Bxe5 c5 24. f3 c4 25. Qd1 Ng5 26. Bf6 Qd7 27. Rxe8+ Rxe8 28. Rxe8+ Qxe8 29. Bxg5 hxg5 30. d5 Qd7 31. Qd4 b5 32. b3 cxb3 33. axb3 Qd6 34. c4 bxc4 35. bxc4 Qb4+ 36. Kc2 Qa4+ 37.
Kd3 Qd1+ 38. Kc3 Qa1+ 39. Kd3 Qd1+ 40. Kc3 Qa1+ 41. Kd3 Qd1+ 1/2-1/2

[Event "*** SCC Grand Prix: Titled Tuesday Blitz"]
[Site "Chess.com"]
[Date "2020.07.07"]
[Round "6"]
[White "Man-Chuk"]
[Black "Zq1"]
[Result "1/2-1/2"]
[WhiteElo "2838"]
[BlackElo "2523"]
[TimeControl "180+1"]
[EndTime "11:05:08 PDT"]
[Termination "Game drawn by repetition"]

1. e4 c5 2. Nf3 d6 3. Bb5+ Bd7 4.
Bxd7+ Nxd7 5. c4 Ngf6 6. Nc3 e6 7. d4 cxd4 8. Nxd4 a6 9. O-O Be7 10. b3 O-O 11. Bb2 Qc7 12. Rc1 Rac8 13. Qe2 Rfe8 14. Rfd1 Qb8 15. Ba3 Ne5 16. f4 Ng6 17. f5 exf5 18. Nxf5 Rc6 19. Bb2 Bf8 20. Rf1 b5 21. cxb5 axb5 22. Nd5 Rxc1 23. Nh6+ Kh8 24. Nxf7+ Kg8 25.
Nh6+ Kh8 26. Nf7+ Kg8 27. Nh6+ Kh8 28. Nf7+ 1/2-1/2